 Dungeon Crawl Stone Soup version 0.26.1-11-gd32895ea62 (webtiles) character file.

Game seed: 17114272065481455162

5279 Tirrikindir the Carver (level 10, -1/67 HPs)
             Began as an Octopode Fighter on May 27, 2021.
             Was an Initiate of Gozag.
             Slain by a wraith (12 damage)
             ... led by Josephine
             ... on level 10 of the Dungeon on May 28, 2021.
             The game lasted 00:25:45 (9209 turns).

Tirrikindir the Carver (Octopode Fighter)           Turns: 9209, Time: 00:25:46

Health: -1/67      AC:  1    Str: 27    XL:     10   Next: 63%
Magic:  19/19      EV: 16    Int: 11    God:    Gozag
Gold:   657        SH: 21    Dex: 14    Spells: 9/9 levels left

rFire    + . .     SeeInvis +   H - +1 long sword of the Crypt {flame, rN++ SInv} (curse)
rCold    x . .     Faith    .   b - +5 kite shield
rNeg     + + +     Spirit   .   (helmet restricted)
rPois    +         Reflect  +   e - amulet of the Imp {Reflect rElec rF+ SH+5}
rElec    +         Harm     .   j - ring of magical power
rCorr    .         Rampage  .   f - ring of poison resistance
Will     .....                  u - ring "Leigat" {rC- rN+ Str+5 Stlth+}
Stlth    +++++.....             z - ring of wizardry
HPRegen  0.21/turn              a - ring of positive energy
MPRegen  0.16/turn              K - +6 ring of strength
                                (no ring)
                                (no ring)

@: very slightly contaminated, slowed, invisible, very slow
A: almost no armour, stealthy swim, amphibious, 8 rings, constrict 8, camouflage
1, gelatinous body 1
a: Renounce Religion, Potion Petition, Call Merchant, Bribe Branch


You were on level 10 of the Dungeon.
You worshipped Gozag.
Gozag was pleased with you.
You visited 2 branches of the dungeon, and saw 11 of its levels.

You collected 1691 gold pieces.
You spent 507 gold pieces at shops.
You paid 527 gold pieces to Gozag.

Inventory:

Hand Weapons
 H - the cursed +1 long sword of the Crypt (weapon) {flame, rN++ SInv}
   (You bought it in a shop on level 7 of the Dungeon)

   It has been specially enchanted to burn those struck by it, causing extra
   injury to most foes and up to half again as much damage against particularly
   susceptible opponents.
   Big, fiery blades are also staple armaments of hydra-hunters.
   It greatly protects you from negative energy.
   It lets you see invisible.
   It has a curse placed upon it.
Missiles
 h - 35 poisoned darts (quivered)
Armour
 b - a +5 kite shield (worn)
Jewellery
 a - a ring of positive energy (on tentacle)
 e - the amulet of the Imp (around mantle) {Reflect rElec rF+ SH+5}
   (You found it on level 4 of the Dungeon)

   [amulet of reflection]

   It shields you and reflects attacks.
   It protects you from fire.
   It insulates you from electricity.
   It affects your SH (+5).
 f - a ring of poison resistance (right tentacle)
 j - a ring of magical power (left tentacle)
 k - an uncursed amulet of regeneration
 u - the ring "Leigat" (on tentacle) {rC- rN+ Str+5 Stlth+}
   (You found it on level 5 of the Dungeon)

   [ring of positive energy]

   It affects your strength (+5).
   It makes you vulnerable to cold.
   It protects you from negative energy.
   It makes you more stealthy.
 z - a ring of wizardry (on tentacle)
 K - a +6 ring of strength (on tentacle)
Wands
 w - a wand of digging (5)
 x - a wand of enslavement (2)
 y - a wand of acid (8)
 E - a wand of iceblast (15)
Scrolls
 i - 2 scrolls of blinking
 m - 2 scrolls of magic mapping
 q - 2 scrolls of remove curse
 s - 3 scrolls of amnesia
 t - 4 scrolls of teleportation
 v - 2 scrolls of immolation
 C - a scroll of acquirement {unknown}
 D - a scroll of vulnerability {unknown}
 F - a scroll of enchant weapon
 I - a scroll of torment {unknown}
 J - a scroll of random uselessness {unknown}
 L - a scroll of fear {unknown}
Potions
 c - a potion of might
 d - 4 potions of haste
 g - 2 potions of lignification
 l - 3 potions of curing
 n - 2 potions of flight
 o - a potion of brilliance
 p - a potion of resistance {unknown}
 A - 2 potions of berserk rage {unknown}
 B - a potion of mutation {unknown}
 G - a potion of ambrosia {unknown}


   Skills:
 + Level 5.6 Fighting
 * Level 9.8 Long Blades
 * Level 7.0 Dodging
 + Level 7.0 Stealth
 * Level 7.1 Shields
 + Level 4.2 Evocations


You had 9 spell levels left.
You didn't know any spells.
Your spell library was empty.

Dungeon Overview and Level Annotations

Branches:
Dungeon (10/15)            Temple (1/1) D:4
   Lair: D:8-11         Orc: D:9-12

Altars:
Ashenzari
Cheibriados
Dithmenos
Elyvilon
Fedhas
Gozag
Hepliaklqana
Kikubaaqudgha
Makhleb
Nemelex Xobeh
Okawaru
Qazlal
Ru
Sif Muna
Trog
Uskayaw
Vehumet
Wu Jian
Xom
Yredelemnul
Zin
The Shining One

Shops:
D:7 *(   D:8 ?   D:9 [

Annotations:
D:8 3 runed translucent doors, Diggabert's ghost, novice HOFi
D:9 3 runed translucent doors, dyzzy's ghost, journeyman SpEn
D:10 Josephine


Innate Abilities, Weirdness & Mutations

You cannot wear most types of armour.
You are very stealthy in the water. (Stealth+)
You are amphibious.
You can wear up to eight rings at the same time.
You can use your tentacles to constrict eight enemies at once.
Your skin changes colour to match your surroundings (Stealth+).
Your rubbery body absorbs attacks. (AC +1, EV +1)


Message History

The wraith hits you!
* * * LOW HITPOINT WARNING * * *
You block the wraith's attack. x2; The wraith hits you!
* * * LOW HITPOINT WARNING * * *
You fade into invisibility!
The wraith hits you.
* * * LOW HITPOINT WARNING * * *
The wraith drains your vigour!
You feel as though you will be slow longer.
You block the wraith's attack. x2
You are very lightly contaminated with residual magic.
You block the wraith's attack. x2
Found a scroll of identify.
You hit the wraith but do no damage.
The wraith is almost destroyed.
The wraith barely misses you. You block the wraith's attack.
You feel better. You block the wraith's attack. The wraith closely misses you.
The wraith hits you!
You die...
Your body crumbles into a pile of gold.

.........W..........
#.......(...........
#.@......W.....#####
###W...........#
#....######..# +.W..
#..# #.... #$.### .>
#WW..# #@...#
...........#
...........#
?.......$..#
...........#
..[........#
...#####..## ... ..#


You could see 2 wraiths.

Vanquished Creatures
  An ugly thing (D:9)
  A troll (D:9)
  Sigmund (D:5)
  A wraith (D:10)
  A wyvern (D:9)
  3 yaks (D:9)
  2 orc warriors (D:7)
  2 black bears
  An ice beast (D:5)
  3 sky beasts
  2 phantoms
  An ogre (D:5)
  4 centaurs
  2 big kobolds
  8 bullfrogs
  2 scorpions
  9 wights
  2 hounds
  A bullfrog skeleton (D:9)
  6 orc priests
  A jelly (D:9)
  12 orc wizards
  A centaur skeleton (D:8)
  Terence (D:3)
  3 iguanas (D:6)
  6 worker ants
  A statue (D:7)
  A hound zombie (D:8)
  A hound skeleton (D:5)
  A worker ant zombie (D:6)
  5 gnolls
  7 adders
  A shadow imp (D:7)
  4 white imps
  An ufetubus (D:8)
  An ooze (D:2)
  2 adder zombies
  An adder skeleton (D:6)
  3 worms
  5 dart slugs
  6 leopard geckos
  42 orcs
  A ball python (D:2)
  5 giant cockroaches
  12 goblins
  12 hobgoblins
  16 jackals
  21 kobolds
  6 quokkas
  13 bats
  5 frilled lizards
  7 rats
257 creatures vanquished.

Vanquished Creatures (others)
  A big kobold (D:8)
  A kobold (D:8)
2 creatures vanquished.

Grand Total: 259 creatures vanquished

Notes
Turn   | Place    | Note
-------+----------+-------------------------------------------
     0 | D:1      | Tirrikindir the Octopode Fighter began the quest for the
                  | Orb.
     0 | D:1      | Reached XP level 1. HP: 16/16 MP: 1/1
    39 | D:1      | Reached XP level 2. HP: 6/21 MP: 2/2
   385 | D:1      | Reached skill level 1 in Stealth
   427 | D:1      | Reached XP level 3. HP: 17/26 MP: 3/3
   925 | D:2      | Reached XP level 4. HP: 26/31 MP: 4/4
   969 | D:2      | Reached skill level 3 in Long Blades
  1756 | D:3      | Reached XP level 5. HP: 29/36 MP: 5/5
  1880 | D:3      | Found a broken altar of Ashenzari.
  1944 | D:3      | Found a sparkling altar of Nemelex Xobeh.
  2003 | D:3      | Noticed Terence
  2011 | D:3      | Killed Terence
  2290 | D:3      | Found a burning altar of Makhleb.
  2554 | D:4      | Reached XP level 6. HP: 43/43 MP: 6/6
  2571 | D:4      | Got a crude garnet amulet
  2692 | D:4      | Identified the amulet of the Imp {Reflect rElec rF+ SH+5}
                  | (You found it on level 4 of the Dungeon)
  2797 | D:4      | Reached skill level 4 in Long Blades
  2971 | D:4      | Found a staircase to the Ecumenical Temple.
  2977 | Temple   | Entered the Ecumenical Temple
  2986 | Temple   | Became a worshipper of Gozag Ym Sagoz the Greedy
  3113 | D:5      | Entered Level 5 of the Dungeon
  3158 | D:5      | Noticed an ice beast
  3178 | D:5      | Killed an ice beast
  3189 | D:5      | Reached skill level 5 in Long Blades
  3189 | D:5      | Reached XP level 7. HP: 34/48 MP: 7/7
  3402 | D:5      | Noticed Sigmund
  3519 | D:5      | Found a hazy altar of Hepliaklqana.
  3646 | D:5      | Killed Sigmund
  3647 | D:5      | Reached skill level 6 in Long Blades
  3852 | D:5      | Got a fine platinum ring
  3853 | D:5      | Identified the ring "Leigat" {rC- rN+ Str+5 Stlth+} (You
                  | found it on level 5 of the Dungeon)
  3916 | D:5      | Found a stormy altar of Qazlal.
  4049 | D:5      | Found a white marble altar of Elyvilon.
  4049 | D:5      | Found a hide-covered altar of Uskayaw.
  4195 | D:6      | Reached skill level 7 in Long Blades
  4195 | D:6      | Reached XP level 8. HP: 54/54 MP: 8/8
  4304 | D:6      | Found a sacrificial altar of Ru.
  4307 | D:6      | Found a shimmering blue altar of Sif Muna.
  4564 | D:6      | Reached skill level 8 in Long Blades
  4754 | D:6      | Found an ornate altar of the Wu Jian Council.
  4793 | D:6      | Reached skill level 1 in Evocations
  5636 | D:7      | Reached XP level 9. HP: 40/59 MP: 9/9
  5637 | D:7      | Reached skill level 5 in Shields
  5661 | D:7      | Reached skill level 5 in Dodging
  5661 | D:7      | Reached skill level 5 in Stealth
  6284 | D:7      | Found Yxtidwymn's Antique Weapon Boutique.
  6284 | D:7      | Found a radiant altar of Vehumet.
  6772 | D:7      | Reached skill level 9 in Long Blades
  6956 | D:7      | Bought a scroll labelled ECRIUS XICAUKH for 33 gold pieces
  6956 | D:7      | Bought a curved glass wand for 132 gold pieces
  6956 | D:7      | Bought a sedimented white potion for 29 gold pieces
  6956 | D:7      | Bought a masterwork long sword for 280 gold pieces
  6956 | D:7      | Bought a scroll labelled CAOTYLI ZIOGGARO for 33 gold
                  | pieces
  6957 | D:7      | Identified the cursed +1 long sword of the Crypt {flame,
                  | rN++ SInv} (You bought it in a shop on level 7 of the
                  | Dungeon)
  7033 | D:8      | Noticed Diggabert's ghost (novice HOFi)
  7073 | D:8      | Found a sacrificial altar of Ru.
  7267 | D:8      | Found a runed translucent gate.
  7267 | D:8      | Found a runed translucent gate.
  7267 | D:8      | Found a runed translucent gate.
  7356 | D:8      | Found a glowing golden altar of the Shining One.
  7409 | D:8      | Reached skill level 5 in Fighting
  7523 | D:8      | Found Kimas's Magic Scroll Shop.
  8033 | D:9      | Reached XP level 10. HP: 66/66 MP: 10/10
  8046 | D:9      | Found a runed translucent gate.
  8046 | D:9      | Found a runed translucent gate.
  8046 | D:9      | Found a runed translucent gate.
  8309 | D:9      | Noticed a cyan ugly thing
  8322 | D:9      | Killed a cyan ugly thing
  8572 | D:9      | Noticed dyzzy's ghost (journeyman SpEn)
  9006 | D:9      | Found Zedy's Antique Armour Shop.
  9179 | D:10     | Entered Level 10 of the Dungeon
  9182 | D:10     | Noticed Josephine
  9209 | D:10     | Slain by a wraith

Illustrated notes

Levels and vault maps discovered:
D:1:      dpeg_arrival_rooms_b, layout_rooms
D:2:      layout_loops_corners
D:3:      layout_basic, general_overflow_altar, old_standard_altar,
          cheibrodos_ashenzari_chains, uniq_terence
D:4:      layout_rooms, minmay_temple_entry_fiery, kennysheep_generic_room_12
D:5:      layout_cave_pools, nzn_hepliaklqana_mist_gate,
          gammafunk_temple_overflow_wave, marbit_many_paths, uniq_sigmund
D:6:      layout_basic, nicolae_overflow_hidden_temple,
          nzn_wu_jian_council_hall, st_stairs_5, minmay_misc_feat_four_crosses,
          kennysheep_generic_room_16
D:7:      layout_gridville, vehumet_statue, serial_shops, shop
D:8:      layout_basic, lemuel_doored_altar, gammafunk_ghost_icy, serial_shops,
          kennysheep_little_box, nicolae_ru_sacrificial_ziggurat
D:9:      layout_stronghold, gammafunk_ghost_icy, serial_shops, shop
D:10:     layout_irregular_city, serial_shops, nicolae_shop_behind_doors,
          grunt_ministairs_10, uniq_josephine, uniq_nergalle
Temple:   eino_temple_lava

Skill      XL: |  1  2  3  4  5  6  7  8  9 10 |
---------------+-------------------------------+-----
Stealth        | 1 2 3 4 6 7 |  7.0
Long Blades    | 3 5 7 8 9 |  9.8
Shields        | 4 6 7 |  7.1
Fighting       | 4 5 |  5.6
Dodging        | 4 6 7 |  7.0
Evocations     | 1 3 4 |  4.2

Action                   |  1- 3 |  4- 6 |  7- 9 | 10-12 || total
-------------------------+-------+-------+-------+-------++-------
Melee: Long sword        |    56 |   136 |   259 |    93 ||   544
       Constrict         |    18 |    37 |    71 |    10 ||   136
       Tentacles         |     8 |    34 |    62 |    27 ||   131
Throw: Dart              |       |     6 |    15 |     1 ||    22
Invok: Call Merchant     |       |       |     1 |       ||     1
  Use: Scroll            |     6 |     8 |     8 |     1 ||    23
       Potion            |       |     1 |       |     2 ||     3
 Stab: Sleeping          |     5 |     9 |    27 |     8 ||    49
       Invisible         |       |     1 |       |       ||     1
       Distracted        |       |       |     1 |       ||     1
Armor: Skin              |     6 |    10 |     2 |       ||    18
Dodge: Dodged            |    30 |    46 |    41 |    23 ||   140
Block: Kite shield       |    22 |    82 |   190 |    73 ||   367
       Reflection        |       |       |    13 |     2 ||    15
       Rpst.: Long sword |    10 |    13 |    13 |     4 ||    40
